Map: Bariery na Ulnarze

Players

Drenno

  • Race: Protoss Protoss
  • Spawn Location: 7:00

Legol

  • Race: Terran Terran
  • League: Gold

VOD

Have the link to the VOD?

Description

Time

  • Played on: Jan. 2, 2020, 2:37 p.m.
  • Length: 19:38
Show
View Real Time Build Order
Export as new Build Order

Drenno Protoss 

Build Orders:  

Get SALT Encoding   

  12  0:13  Probe (Chrono Boost)  
  13  0:27  Probe (Chrono Boost)  
  14  0:41  Probe (Chrono Boost)  
  15  0:55  Probe (Chrono Boost)  
  16  1:00  Xel'Naga Passageway  
  16  1:09  Probe (Chrono Boost)  
  17  1:13  Xel'Naga Passageway  
  17  1:22  Probe (Chrono Boost)  
  18  1:36  Probe (Chrono Boost)  
  19  1:50  Probe (Chrono Boost)  
  20  2:05  Probe (Chrono Boost)  
  20  2:08  Xel'Naga Ambusher  
  24  2:22  Probe (Chrono Boost)  
  24  2:26  Xel'Naga Ambusher  
  26  2:44  Core Forge  
  26  3:05  Xel'Naga Ambusher  
  28  3:42  Xel'Naga Ambusher  
  30  4:32  Ancient Nexus  
  26  5:00  Xel'Naga Ambusher  
  26  5:04  Xel'Naga Ambusher  
  30  5:46  Tesseract Cannon  
  30  6:32  Xel'Naga Ambusher  
  30  6:36  Xel'Naga Ambusher  
  30  7:30  Xel'Naga Ambusher  
  30  7:34  Xel'Naga Ambusher  
  30  7:39  Probe (Chrono Boost)  
  34  7:47  Xel'Naga Ambusher  
  35  7:53  Probe (Chrono Boost)  
  38  8:07  Probe (Chrono Boost)  
  35  9:26  Xel'Naga Ambusher  
  35  9:29  Xel'Naga Ambusher  
  39  9:43  Xel'Naga Ambusher  
  41  9:50  Xel'Naga Ambusher  
  39  11:18  Tesseract Cannon  
  39  11:20  Tesseract Cannon x2  
  39  11:22  Tesseract Cannon  
  39  11:25  Probe (Chrono Boost)  
  40  11:39  Probe (Chrono Boost)  
  41  11:53  Probe (Chrono Boost)  
  42  12:07  Probe (Chrono Boost)  
  42  12:08  Xel'Naga Ambusher  
  43  12:21  Probe (Chrono Boost)  
  42  12:34  Probe (Chrono Boost)  
  43  12:48  Probe (Chrono Boost)  
  44  12:57  Zoraya Legion  
  44  13:02  Probe (Chrono Boost)  
  45  13:16  Probe (Chrono Boost)  
  46  13:30  Probe (Chrono Boost)  
  47  13:43  Xel'Naga Ambusher  
  47  13:44  Probe (Chrono Boost)  
  47  13:47  Xel'Naga Ambusher  
  50  13:58  Probe (Chrono Boost)  
  51  14:00  Xel'Naga Ambusher  
  53  15:33  Tesseract Cannon  
  53  15:35  Tesseract Cannon  
  53  15:38  Tesseract Cannon  
  53  15:40  Tesseract Cannon x2  
  53  15:53  Probe (Chrono Boost)  
  54  16:07  Probe (Chrono Boost)  
  55  16:21  Probe (Chrono Boost)  
  56  16:49  Tesseract Cannon  
  56  16:50  Tesseract Cannon  
  56  16:51  Tesseract Cannon  
Show
View Real Time Build Order
Export as new Build Order

Legol Terran 

Build Orders:  

Get SALT Encoding   

  12  0:03  SCV  
  13  0:20  SCV  
  14  0:37  SCV  
  15  0:40  Refinery  
  15  0:54  SCV  
  16  1:11  SCV  
  16  1:12  Engineering Bay  
  17  1:27  SCV  
  18  1:42  Engineering Bay  
  18  1:44  SCV  
  19  2:01  SCV  
  20  2:12  Gunslingers Hideout  
  20  2:18  SCV  
  21  2:25  Muscle Armory  
  21  2:35  SCV  
  22  2:52  SCV  
  22  2:53  Outlaw Weapons Level 1  
  22  2:59  Outlaw Life and Armor Level 1  
  23  3:01  Tychus  
  23  3:09  SCV  
  24  3:16  Refinery  
  24  3:26  SCV  
  25  3:43  SCV  
  26  3:59  Command Center  
  26  4:00  SCV  
  27  4:16  Fixers Safehouse  
  27  4:17  SCV  
  28  4:34  SCV  
  29  5:07  Medivac Platform  
  29  5:31  SCV  
  30  5:43  SCV, Refinery  
  30  5:48  SCV  
  32  6:00  SCV  
  32  6:05  SCV  
  32  6:09  Medivac Platform  
  34  6:17  SCV  
  35  6:22  SCV  
  35  6:27  Miles Blaze Lewis  
  46  6:34  SCV  
  46  6:39  SCV  
  48  6:51  SCV  
  48  6:56  SCV  
  50  7:00  Refinery  
  50  7:08  SCV  
  51  7:13  SCV  
  52  7:41  Lt Layna Nikara  
  62  8:29  SCV  
  63  8:30  SCV  
  64  8:41  Outlaw Weapons Level 2, Outlaw Life and Armor Level 2  
  64  8:45  KD9a Implosion Core  
  64  8:46  SCV  
  64  8:47  SCV  
  66  9:03  SCV  
  66  9:04  SCV  
  68  9:20  SCV x2  
  70  11:08  James Sirius Sykes  
  80  11:52  Outlaw Weapons Level 3, Outlaw Life and Armor Level 3  
  80  11:57  Vanadium Shell, SA-55 Thunderbolt Missiles, Moebius M34 Terror Rounds  
  80  11:58  Kel-Morian Ripper Rounds  
  80  13:12  SureShot Networked Helmet  
  80  14:32  Procyon Serum, Umojan Repair Nanites  
  80  14:33  Procyon Twin Heal Beam Gauntlet  
  80  15:13  Outlaw Weapons Level 4, Outlaw Life and Armor Level 4  
  80  15:19  Engineering Bay  
  80  15:21  Engineering Bay  
  80  15:51  Vega  
  90  16:18  Moebius Psionic Motivator  
  90  17:10  ITC-E Triggers, Flashforce GDM Visor  
  90  17:13  D99 Detonator  
  90  18:11  Auto-Turret  
  90  18:12  Auto-Turret  
  90  18:13  Auto-Turret  
  90  18:14  Auto-Turret  
  90  18:54  Medivac Platform  
  90  19:26  Psi Projector, Neural Disruption Device  
Tags
 
Add a new tag
Caveats
  • Supply blocks, unpowered buildings, or Contaminate may cause inaccurate times.
  • Supply counts are checked every 10 seconds.